 Dungeon Crawl Stone Soup version 0.28.0 (webtiles) character file.

Game seed: 6087702461514489075

91 lonewolfV2 the Insei (level 4, -4/32 HPs)
             Began as a Merfolk Transmuter on Feb 12, 2022.
             Slain by an iguana (9 damage)
             ... on level 5 of the Dungeon.
             The game lasted 00:06:35 (3637 turns).

lonewolfV2 the Insei (Merfolk Transmuter)           Turns: 3637, Time: 00:06:36

Health: -4/32      AC:  4    Str: 10    XL:     4   Next: 57%
Magic:  6/7        EV: 13    Int: 14    God:
Gold:   147        SH:  0    Dex: 16    Spells: 7/8 levels left

rFire   . . .      SeeInvis .     - Unarmed
rCold   . . .      Faith    .   (no shield)
rNeg    . . .      Spirit   .   a - +0 robe
rPois   .          Reflect  .   (helmet currently unavailable)
rElec   .          Harm     .   (no cloak)
rCorr   .          Rampage  .   j - +1 pair of gloves of the Barnacle {Dex+2}
Will    .....                   (boots currently unavailable)
Stlth   ++........              (no amulet)
HPRegen 0.10/turn               (no ring)
MPRegen 0.10/turn               (no ring)

@: appendages
A: horns 2, (nimble swimmer 2), mertail
a: End Transformation


You were on level 5 of the Dungeon.
You had temporarily grown beastly horns.
You visited 1 branch of the dungeon, and saw 4 of its levels.

You collected 147 gold pieces.

Inventory:

Armour
 a - a +0 robe (worn)
 j - the +1 pair of gloves of the Barnacle (worn) {Dex+2}
   (You found it on level 3 of the Dungeon)

   Dex:       It affects your dexterity (+2).
Wands
 h - a wand of iceblast (13)
Scrolls
 k - a scroll of fog
Potions
 b - a potion of brilliance {unknown}
 c - a potion of heal wounds {unknown}
 e - a potion of magic {unknown}
 f - a potion of curing {unknown}
 g - a potion of invisibility {unknown}
 i - a potion of cancellation {unknown}


   Skills:
 + Level 1.3 Fighting
 + Level 3.5 Dodging
 + Level 1.2 Stealth
 + Level 4.4 Unarmed Combat
 + Level 2.5 Spellcasting
 + Level 3.2 Transmutations


You had 7 spell levels left.
You knew the following spells:

 Your Spells              Type           Power      Damage    Failure   Level
a - Beastly Appendage     Tmut           20%        N/A       6%          1

Your spell library contained the following spells:

 Spells                   Type           Power      Damage    Failure   Level
 Wereblood                Tmut           10%        N/A       9%          2
 Spider Form              Tmut/Pois      6%         N/A       34%         3
 Ice Form                 Ice/Tmut       6%         N/A       75%         4


Dungeon Overview and Level Annotations

Branches:
Dungeon (3/15)

Altars:

Annotations:
D:3 1 runed translucent door, SomeFlowers's ghost, amateur TeAr


Innate Abilities, Weirdness & Mutations

You have temporarily grown beastly horns.
((You are very nimble when in or above water. (Stealth+, EV+, Speed+++)))
Your lower body shifts to a powerful aquatic tail in water.


Message History

a +0 club; a goblin corpse An endoplasm comes into view.
An endoplasm is nearby!
An endoplasm is nearby!
An endoplasm is nearby!
Found a mace.
A sourceless malevolence fills the Dungeon...
You fall into a shaft and drop 2 floors!
The shaft crumbles and collapses.
Found an orange potion.
Found 14 gold pieces.
Found a plate armour.
A wyvern comes into view.
An iguana comes into view.
Found a chain mail.
The iguana hisses angrily.
The iguana barely misses you.
The wyvern hisses angrily.
The iguana bites you.
Found 26 bolts.
The wyvern closely misses you. The wyvern bites you.
The iguana barely misses you.
Casting: Beastly Appendage (safe; 6% risk of failure)
Confirm with . or Enter, or press ? or * to list all spells.
You grow a pair of large bovine horns.
The wyvern bites you but does no damage.
The iguana barely misses you.
You hit the wyvern but do no damage.
You headbutt the wyvern, but do no damage.
You punch the wyvern, but do no damage. The wyvern bites you.
The wyvern bites you!
You hit the wyvern but do no damage. The iguana bites you!
* * * LOW HITPOINT WARNING * * *
The wyvern barely misses you.
You hit the wyvern.
The wyvern is lightly wounded.
The wyvern barely misses you. The iguana closely misses you.
Okay, then.
As you read the scroll labelled POKKEMU IBYMU, it crumbles to dust.
You feel aware of your surroundings.
It was a scroll of magic mapping.
The wyvern misses you. The iguana bites you!
You die...

###............## *****
#........!.....$# *#...*
...............#* **....**
#..............## *.....,*
#####...........#*#.....,** ***
########....##......,,* *,,
#....#.......,,* *,,
##...l.[....(,,* *,,
*****#...@l......,,** *,,
******,,,,#...........,,,****,,
**,,,,,,.........[.....,,,**,,*,
*,,,,,,................,,,*,,**,
**,,,,,,................,,*,,****
*,,,,,,,......####..####**,,**
,,,,,,,,......* *#..***,,,**
****,,,,.....#* *#.#*,,,**
**,,,,,**** *,,,,,**


You could see a wyvern and an iguana.

Vanquished Creatures
  An adder (D:3)
  2 dart slugs (D:1)
  An orc (D:3)
  4 endoplasms
  5 giant cockroaches
  7 goblins
  14 hobgoblins
  4 jackals (D:2)
  3 quokkas
  3 ball pythons
  4 bats
  6 frilled lizards
  8 kobolds
  2 rats (D:1)
64 creatures vanquished.

Notes
Turn   | Place    | Note
-------+----------+-------------------------------------------
     0 | D:1      | lonewolfV2 the Merfolk Transmuter began the quest for the
                  | Orb.
     0 | D:1      | Reached XP level 1. HP: 15/15 MP: 3/3
   120 | D:1      | Reached XP level 2. HP: 12/21 MP: 3/5
  1029 | D:1      | Reached XP level 3. HP: 24/26 MP: 4/6
  1129 | D:1      | Reached skill level 4 in Unarmed Combat
  2479 | D:2      | Reached skill level 1 in Stealth
  2479 | D:2      | Reached XP level 4. HP: 32/32 MP: 5/7
  2845 | D:3      | Identified the +1 pair of gloves of the Barnacle {Dex+2}
  2877 | D:3      | Found a runed translucent door.
  2882 | D:3      | Noticed SomeFlowers's ghost (amateur TeAr)
  3617 | D:3      | You fall into a shaft and drop 2 floors!
  3617 | D:5      | Entered Level 5 of the Dungeon
  3627 | D:5      | Noticed a wyvern
  3637 | D:5      | Slain by an iguana

Illustrated notes

Levels and vault maps discovered:
D:1:      lemuel_arrival_hallway, layout_loops_corners,
          chequers_serial_rivers_small_a, minmay_circled_x
D:2:      layout_loops_ring, kennysheep_generic_room_3
D:3:      corexii_shack_village, layout_rooms, ebering_ghost_reflecting_pool
D:5:      layout_cave_pods

Skill      XL: |  1  2  3 |
---------------+----------+-----
Dodging        | 3 |  3.5
Transmutations | 3 |  3.2
Unarmed Combat | 4 |  4.4
Stealth        | 1 |  1.2
Fighting       | |  1.3
Spellcasting   | |  2.5

Action                   |  1- 3 |  4- 6 || total
-------------------------+-------+-------++-------
Melee: Unarmed           |   126 |    37 ||   163
       Headbutt          |    15 |     7 ||    22
       Punch             |       |     1 ||     1
 Cast: Beastly Appendage |    26 |    12 ||    38
 Abil: End Transformatio |     1 |     1 ||     2
  Use: Scroll            |     4 |     3 ||     7
 Stab: Sleeping          |     1 |     2 ||     3
Armor: Robe              |    23 |     6 ||    29
Dodge: Dodged            |   120 |    30 ||   150
